 Dungeon Sprint DCSS version 0.22-a0-398-g8bb545f (webtiles) character file.

106 emperorscorpion the Thaumaturge (level 4, 0/30 HPs)
             Began as a Demonspawn Fire Elementalist on May 6, 2018.
             Was a Follower of Sif Muna.
             Slain by an unseen horror (12 damage)
             ... in the Dungeon (Sprint IX: "|||||||||||||||||||||||||||||").
             The game lasted 00:02:33 (583 turns).

emperorscorpion the Thaumaturge (DsFE)               Turns: 583, Time: 00:02:34

Health: 0/30       AC:  6    Str:  8    XL:     4   Next: 55%
Magic:  10/14      EV: 12    Int: 16    God:    Sif Muna [*.....]
Gold:   0          SH:  0    Dex: 15    Spells: 12/20 levels left

rFire    . . .     SeeInvis .   a - +1 broad axe (flame)
rCold    . . .     Gourm    .   (no shield)
rNeg     . . .     Faith    .   n - +0 robe
rPois    .         Spirit   .   (helmet restricted)
rElec    .         Reflect  .   (no cloak)
rCorr    .         Harm     .   (no gloves)
MR       .....     NoTele   +   (no boots)
Stlth    ++........             (no amulet)
HPRegen  0.10/turn              r - +2 ring of protection
MPRegen  0.14/turn              s - +2 ring of protection

@: very slightly contaminated
A: antennae 1, powered by pain 1
a: Divine Energy, Renounce Religion


You were in the Dungeon.
You worshipped Sif Muna.
Sif Muna was aware of your devotion.
You were not hungry.

You visited 1 branch

Inventory:

Hand Weapons
 a - a +1 broad axe of flaming (weapon)
 m - the +2 dire flail "Gram" {crush, Stlth+}
   (You found it in the Dungeon)

   It inflicts extra damage upon your enemies.
   It makes you more stealthy.
Armour
 n - a +0 robe (worn)
 o - a +0 cloak
 p - a +0 helmet
 q - a +0 plate armour
Magical Staves
 b - an uncursed staff of energy
Jewellery
 r - a +2 ring of protection (left hand)
 s - a +2 ring of protection (right hand)
Wands
 k - a wand of iceblast (10)
Scrolls
 h - 3 scrolls of remove curse
 i - 2 scrolls of blinking
 j - 2 scrolls of amnesia
Potions
 d - a potion of heal wounds
 e - 4 potions of curing
 f - a potion of haste
 g - 4 potions of magic
 l - a potion of invisibility
Comestibles
 c - a ration


   Skills:
 + Level 0.1 Fighting
 + Level 1.8 Dodging
 - Level 1.7 Stealth
 + Level 8.5 Spellcasting
 + Level 1.0 Conjurations
 + Level 2.9 Fire Magic


You had 12 spell levels left.
You knew the following spells:

 Your Spells              Type           Power        Failure   Level  Hunger
a - Flame Tongue          Conj/Fire      ##...        4%          1    None
b - Conjure Flame         Conj/Fire      ##......     14%         3    #......
c - Sticky Flame          Conj/Fire      ##......     43%         4    ###....


Dungeon Overview and Level Annotations

Branches:
Dungeon (1/1)

Altars:
Cheibriados
Dithmenos
Elyvilon
Fedhas
Gozag
Hepliaklqana
Kikubaaqudgha
Makhleb
Nemelex Xobeh
Okawaru
Qazlal
Ru
Sif Muna
Trog
Uskayaw
Vehumet
Wu Jian
Xom
Yredelemnul
Zin
The Shining One
Beogh
Jiyva
Lugonu


Innate Abilities, Weirdness & Mutations

You have a pair of small antennae on your head.
You sometimes gain a little power by taking damage.


Message History

The unseen horror is heavily wounded.
The unseen horror burns! x2; The unseen horror misses you.
The unseen horror barely misses you.
You barely miss the unseen horror.
The unseen horror is severely wounded.
The unseen horror burns!
The unseen horror misses you.
You barely miss the unseen horror.
The unseen horror is severely wounded.
The unseen horror burns!
Something hits you. Something hits you!
You focus on the pain.
You feel your power returning. Something hits you but does no damage.
Casting: Sticky Flame (quite dangerous; 43% risk of failure)
Confirm with . or Enter, or press ? or * to list all spells.
Aiming: Sticky Flame (quite dangerous; 43% risk of failure)
Press: ? - help, Shift-Dir - straight line You miscast Sticky Flame.
You are very lightly contaminated with residual magic.
Your skin glows momentarily.
Something hits you but does no damage. Something hits you!
You die... ▓▓▓▓▓▓▓▓▓▓▓▓▓▓▓▓▓▓▓▓▓▓▓▓ _______'...)....@{sY{... ▓▓▓▓▓▓▓▓▓▓▓▓▓▓▓▓▓▓▓▓▓▓▓▓

You could see an ice beast and a scorpion.

Vanquished Creatures
  A crimson imp (D)
  An iguana (D)
  A worker ant (D)
  An adder (D)
  An adder zombie (D)
  An orc (D)
  A giant cockroach (D)
  A goblin (D)
  A quokka (D)
  A frilled lizard (D)
  A kobold (D)
  A rat (D)
12 creatures vanquished.

Notes
Turn   | Place    | Note
-------+----------+-------------------------------------------
     0 | D        | emperorscorpion the Demonspawn Fire Elementalist began the quest for the Orb.
     0 | D        | Reached XP level 1. HP: 13/13 MP: 3/3
    28 | D        | Reached skill level 3 in Spellcasting
   229 | D        | Noticed a worker ant
   229 | D        | Noticed an iguana
   229 | D        | Noticed a crimson imp
   236 | D        | Killed a worker ant
   236 | D        | Reached skill level 5 in Spellcasting
   236 | D        | Gained mutation: You sometimes gain a little power by taking damage. [demonic ancestry]
   236 | D        | Reached XP level 2. HP: 15/19 MP: 2/8
   236 | D        | Reached XP level 3. HP: 19/24 MP: 2/10
   237 | D        | Reached skill level 6 in Spellcasting
   250 | D        | Reached skill level 7 in Spellcasting
   263 | D        | Found a roughly hewn altar of Beogh.
   263 | D        | Found a snail-covered altar of Cheibriados.
   263 | D        | Found a shadowy altar of Dithmenos.
   263 | D        | Found a white marble altar of Elyvilon.
   263 | D        | Found a blossoming altar of Fedhas.
   263 | D        | Found an opulent altar of Gozag.
   264 | D        | Found a hazy altar of Hepliaklqana.
   265 | D        | Found a viscous altar of Jiyva.
   266 | D        | Found an ancient bone altar of Kikubaaqudgha.
   267 | D        | Found a corrupted altar of Lugonu.
   268 | D        | Found a burning altar of Makhleb.
   269 | D        | Found a sparkling altar of Nemelex Xobeh.
   270 | D        | Found an iron altar of Okawaru.
   271 | D        | Found a stormy altar of Qazlal.
   272 | D        | Found a sacrificial altar of Ru.
   273 | D        | Found a deep blue altar of Sif Muna.
   275 | D        | Found a bloodstained altar of Trog.
   276 | D        | Found a hide-covered altar of Uskayaw.
   277 | D        | Found a radiant altar of Vehumet.
   278 | D        | Found an ornate altar of the Wu Jian Council.
   279 | D        | Found a shimmering altar of Xom.
   298 | D        | Found a basalt altar of Yredelemnul.
   314 | D        | Found a glowing silver altar of Zin.
   315 | D        | Became a worshipper of Sif Muna the Loreminder
   316 | D        | Found a glowing golden altar of the Shining One.
   338 | D        | Got the +2 dire flail "Gram" {crush, Stlth+}
   344 | D        | Reached skill level 8 in Spellcasting
   344 | D        | Gained mutation: You have a pair of small antennae on your head. [demonic ancestry]
   344 | D        | Reached XP level 4. HP: 7/30 MP: 12/14
   365 | D        | Learned a level 3 spell: Conjure Flame
   370 | D        | Learned a level 4 spell: Sticky Flame
   569 | D        | Noticed an ice beast
   571 | D        | Reached * piety under Sif Muna
   578 | D        | Noticed an unseen horror
   583 | D        | Slain by an unseen horror

Vault maps used:
D:        linesprint

Skill      XL: |  1  2  3 |
---------------+----------+-----
Spellcasting   | 5 8 |  8.5
Fighting       | |  0.1
Dodging        | |  1.8
Stealth        | |  1.7
Conjurations   | |  1.0
Fire Magic     | |  2.9

Action                   |  1- 3 |  4- 6 || total
-------------------------+-------+-------++-------
Melee: Unarmed           |    79 |       ||    79
       Dire flail        |     3 |       ||     3
       Broad axe         |       |    11 ||    11
 Cast: Flame Tongue      |     9 |       ||     9
       Sticky Flame      |       |     1 ||     1
  Use: Potion            |     3 |     1 ||     4
Armor: Robe              |    14 |     5 ||    19
Dodge: Dodged            |    45 |     9 ||    54

Table legend:
 A = Spawn XP
 B = Non-spawn XP
 C = Spawn XP percentage of total XP
 D = Spawn monster count
 E = Non-spawn monster count
 F = Spawn count percentage of total count
 G = Total turns spent on level
                    A         B        C        D         E        F      G
               +---------+---------+-------+---------+---------+-------+---------
         Total |       0 |     152 |   0.0 |       0 |      12 |   0.0 |   583
               +---------+---------+-------+---------+---------+-------+---------
             D |       0 |     152 |   0.0 |       0 |      12 |   0.0 |   583
               +---------+---------+-------+---------+---------+-------+---------
